 Dungeon Crawl Stone Soup version 0.30.1-4-g462c640d31 (webtiles) character file.

Game seed: 13374155976532656403

24 Amplified the Conjurer (level 2, 0/22 HPs)
             Began as a Demonspawn Reaver on Sept 8, 2023.
             Frozen to death by an endoplasm (5 damage)
             ... on level 1 of the Dungeon.
             The game lasted 00:01:41 (458 turns).

Amplified the Conjurer (Demonspawn Reaver)           Turns: 458, Time: 00:01:42

Health: 0/22       AC:  5    Str: 12    XL:     2   Next: 79%
Magic:  5/5        EV: 10    Int: 14    God:
Gold:   9          SH:  0    Dex: 11    Spells: 2/5 levels left

rFire   . . .        a - +0 mace
rCold   . . .        (no shield)
rNeg    . . .        f - +0 ring mail
rPois   .            (no helmet)
rElec   .            (no cloak)
rCorr   .            (no gloves)
SInv    .            (no boots)
Will    .....        (no amulet)
Stlth   +            (no ring)
HPRegen 0.23/turn    (no ring)
MPRegen 0.09/turn

%: no passive effects
@: attractive
A: foul stench 1
a: no special abilities


You were on level 1 of the Dungeon.
You visited 1 branch of the dungeon, and saw 2 of its levels.

You collected 9 gold pieces.

Inventory:

Hand Weapons
 a - a +0 mace (weapon)
Armour
 f - a +0 ring mail (worn)
Scrolls
 e - a scroll of teleportation


   Skills:
 + Level 2.3 Fighting
 + Level 2.9 Maces & Flails
 + Level 2.1 Dodging
 + Level 2.2 Spellcasting
 + Level 3.2 Conjurations


You had 2 spell levels left.
You knew the following spells:

 Your Spells              Type           Power      Damage    Failure   Level
a - Kiss of Death         Conj/Necr      24%        2d7       26%         1
b - Momentum Strike       Conj/Tloc      12%        3d8       38%         2

Your spell library contained the following spells:

 Spells                   Type           Power      Damage    Failure   Level
 Hailstorm                Conj/Ice       6%         3d4       63%         3


Dungeon Overview and Level Annotations

Branches:
Dungeon (2/15)

Altars:


Innate Abilities, Weirdness & Mutations

You may rarely emit foul miasma when damaged in melee.


Message History

You are frozen.
The endoplasm closely misses you. The goblin barely misses you.
You closely miss the goblin.
The goblin is severely wounded.
The goblin barely misses you. The endoplasm freezes you.
You are frozen.
You are too injured to fight recklessly!
Unknown command.
The endoplasm attacks as you move away!
The endoplasm hits you but does no damage.
Okay, then.
It was a potion of attraction.
You feel attractive to monsters. The endoplasm freezes you.
You are frozen.
The goblin is attracted toward you.
The frilled lizard is attracted toward you.
You barely miss the goblin.
The goblin is moderately wounded.
The goblin barely misses you. The endoplasm is attracted toward you.
Unknown command.
You hit the endoplasm.
The endoplasm is almost dead.
The endoplasm hits you but does no damage.
The goblin hits you with a +0 club.
Unknown command.
Unknown command.
Unknown command.
You hit the endoplasm but do no damage.
The endoplasm is almost dead.
The endoplasm barely misses you. The goblin hits you but does no damage.
The goblin barely misses you. The endoplasm freezes you.
You are frozen.
* * * LOW HITPOINT WARNING * * *
Unknown command.
You hit the endoplasm but do no damage.
The endoplasm is almost dead.
The endoplasm freezes you.
You are frozen.
You die...

#.....# #.........#
#.....# #.........#
#.....# #.........#
#.....# #.........#
#.....# #.........#
#...^.####)........#
.......[.).........+
##########.........#
.....## #.....J@..#
####..####....§g#####.##
##...##.....l.......#
###.##......§l.....#
#..#........§....#
##...............#
##..............#
##.............#
#......#####.##


You could see an endoplasm, a goblin and a frilled lizard.

Vanquished Creatures
  A dart slug (D:1)
  A ball python (D:1)
  A bat (D:1)
  An endoplasm (D:1)
  A goblin (D:1)
  8 jackals
  2 kobolds (D:1)
  A frilled lizard (D:2)
  3 rats
19 creatures vanquished.

Notes
Turn   | Place    | Note
-------+----------+-------------------------------------------
     0 | D:1      | Amplified the Demonspawn Reaver began the quest for the
                  | Orb.
     0 | D:1      | Reached XP level 1. HP: 16/16 MP: 3/3
   128 | D:1      | Gained mutation: You may rarely emit foul miasma when
                  | damaged in melee. [demonic ancestry]
   128 | D:1      | Reached XP level 2. HP: 20/22 MP: 5/5
   179 | D:1      | Learned a level 2 spell: Momentum Strike
   458 | D:1      | Frozen to death by an endoplasm

Illustrated notes

Levels and vault maps discovered:
D:1:      lemuel_arrival_hallway, layout_basic
D:2:      layout_basic, uniq_crazy_yiuf_cottage

Skill      XL: |  1  2 |
---------------+-------+-----
Dodging        | 2 |  2.1
Fighting       | |  2.3
Maces & Flails | |  2.9
Spellcasting   | |  2.2
Conjurations   | |  3.2

Action                     || total
---------------------------++-------
  Melee: Mace              ||    66
    Use: Scroll            ||     3
         Potion            ||     2
 Armour: Leather armour    ||    23
         Ring mail         ||     4
  Dodge: Dodged            ||    55
